 Dungeon Crawl Stone Soup version 0.20-a0-1108-g6ae5986 (webtiles) character file.

61832 JiminyMac the Severer (level 14, -3/138 HPs)
             Began as a Minotaur Berserker on May 4, 2017.
             Was a High Priest of Trog.
             Slain by a rakshasa
             ... wielding a +0 trident
              (12 damage)
             ... on level 2 of the Abyss on May 5, 2017.
             The game lasted 01:43:01 (23717 turns).

JiminyMac the Severer (Minotaur Berserker)         Turns: 23717, Time: 01:43:01

Health: -3/138     AC: 28    Str: 29      XL:     14   Next: 62%
Magic:  4/4        EV:  8    Int:  4      God:    Trog [*****.]
Gold:   1178       SH:  0    Dex:  5 (6)  Spells: 13/13 levels left

rFire    . . .     SeeInvis .   a - +4 broad axe (antimagic)
rCold    + . .     Gourm    .   (no shield)
rNeg     . . .     Faith    .   R - +4 plate armour {rC+}
rPois    .         Spirit   .   P - +2 hat
rElec    .         Reflect  .   d - +1 cloak
rCorr    .         Harm     +   Y - +0 pair of gloves
MR       +++..                  o - +0 pair of boots
Stlth    ..........             T - amulet of harm
Regen    1.4/turn               Z - +2 ring of strength
MPRegen  0.1/turn               L - +3 ring of slaying

@: regenerating, slowed, very slow
A: retaliatory headbutt, horns 2, [blurry vision 2], [clumsy 2]
a: Berserk, Trog's Hand, Brothers in Arms, Burn Spellbooks, Renounce Religion


You were on level 2 of the Abyss.
You worshipped Trog.
Trog was extremely pleased with you.
You were not hungry.

You visited 3 branches of the dungeon, and saw 18 of its levels.
You visited the Abyss 1 time.

You collected 1178 gold pieces.

Inventory:

Hand Weapons
 a - a +4 antimagic broad axe (weapon)
 u - a +1 war axe of venom
Armour
 d - a +1 cloak (worn)
 o - a +0 pair of boots (worn)
 y - a +3 plate armour
 P - a +2 hat (worn)
 R - a +4 plate armour of cold resistance (worn)
 Y - a +0 pair of gloves (worn)
Jewellery
 i - an uncursed ring of protection from magic
 l - an uncursed ring of poison resistance
 m - an uncursed ring of protection from fire
 J - an uncursed ring of ice
 L - a +3 ring of slaying (right hand)
 T - an amulet of harm (around neck)
 Z - a +2 ring of strength (left hand)
Wands
 j - a wand of digging (10/24)
 s - a wand of iceblast (10/15)
 x - a wand of lightning (15/15)
 A - a wand of enslavement (8/24)
 C - a wand of flame (15/48)
 D - a wand of lightning (8/15)
 K - a wand of confusion (23/48)
 O - a wand of clouds (6/9)
 Q - a wand of iceblast (5/15)
 V - a wand of clouds (6/9)
 X - a wand of lightning (4/15)
Scrolls
 b - a scroll of enchant weapon
 g - 2 scrolls of remove curse
 h - 4 scrolls of magic mapping
 k - 3 scrolls of recharging
 n - 2 scrolls of immolation
 p - a scroll of silence
 r - 6 scrolls of teleportation
 v - 3 scrolls of identify
 w - 2 scrolls of blinking
 B - a scroll of summoning
 S - a scroll of fear
Potions
 e - 8 potions of curing
 f - 4 potions of mutation
 z - 2 potions of cancellation
 G - 2 potions of might
 H - a potion of heal wounds
 M - a potion of haste
 U - 3 potions of resistance
Books
 W - a book of Changes

   Spells                             Type                      Level
   a - Beastly Appendage              Transmutation                1
   b - Sticks to Snakes               Transmutation                2
   c - Spider Form                    Transmutation/Poison         3
   d - Ice Form                       Ice/Transmutation            4
   e - Blade Hands                    Transmutation                5
   Trog disapproves of the use of such an item.
Miscellaneous
 E - a phial of floods
Comestibles
 c - 10 bread rations
 q - 3 royal jellies
 t - 12 fruits
 I - 8 meat rations


   Skills:
 + Level 16.4 Fighting
 - Level 20.0 Axes
 * Level 14.4 Armour
 - Level 2.1 Dodging


You had 13 spell levels left.
You didn't know any spells.

Dungeon Overview and Level Annotations

Branches:
Dungeon (11/15)            Temple (0/1) D:4            Lair (6/6) D:9
 Shoals (0/4) Lair:2       Spider (0/4) Lair:3          Orc (1/2) D:11
  Slime: Lair:5-6

Altars:
Ashenzari
Elyvilon
Fedhas
Hepliaklqana
Okawaru
Qazlal
Sif Muna
Trog
Beogh

Shops:
D:8 =   D:10 *   D:11 (*

Portals:
Trove: D:10 (give +6 demon blade)

Annotations:
D:11 Psyche
Lair:3 exclusion: oklob plant
Lair:4 exclusion: oklob plant
Lair:6 exclusion: 3 oklob plants


Innate Abilities, Weirdness & Mutations

You reflexively headbutt those who attack you in melee.
You have a pair of horns on your head.
[Scrolls take you longer to read.]
[You are very clumsy. (Dex -4)]


Message History

The raiju bites you but does no damage.
You slice the raiju!!
You kill the raiju!
Trog accepts your kill. The rakshasa closely misses you.
You feel a strong urge to attack something.
You feel the effects of Trog's Hand fading.
You are too berserk!
A golden dragon zombie comes into view.
You eat one of the 9 meat rations.
That meat ration really hit the spot!
You feel your anger subside.
You are no longer berserk.
You are exhausted.
You feel yourself slow down.
The raiju bursts into living lightning!
The living lightning misses you.
The raiju blinks!
The rakshasa gestures at you. The orb of energy misses you.
The ynoxinul gestures. x2
The rakshasa hits you from afar with a trident!
You die...

♣≈#♣≈ #.#.# ≈
≈≈≈≈≈ . [..#
≈≈ ≈≈≈≈3.#
##... ♣≈ 5#
#..#5.# ≈ ≈≈
≈♣ #3#.#
♣≈≈♣≈♣.
##55##
#≈Z≈≈≈≈≈##.R#
#
≈≈≈≈≈.h....##
≈≈≈≈≈≈##@.##
≈≈≈≈≈ #..#
≈≈≈. #.##
≈≈≈.# #.###
≈≈ .# . ≈ ≈#
' ( ...


You could see a rakshasa, a raiju, a ynoxinul, an iron imp, 3 ufetubi and a
golden dragon zombie.

Vanquished Creatures
  A bone dragon (Abyss:2)
  An orc warlord (D:11)
  A dire elephant (Lair:6)
  Harold (Lair:2)
  2 catoblepae
  2 two-headed ogres
  13 death yaks
  The ghost of enarc13 the Destroyer, a journeyman FeCj of Vehumet (Lair:3)
  A deep troll shaman (Lair:6)
  A wretched star (Abyss:2)
  A phantasmal warrior (Abyss:2)
  The ghost of Ryco the Protected, a novice MiFi of Okawaru (D:9)
  Pikel (D:4)
  An ugly thing (D:10)
  An orc sorcerer (Orc:1)
  2 orc knights (D:11)
  10 elephants
  A merfolk siren (Lair:2)
  5 black mambas
  A torpor snail (Lair:4)
  12 spiny frogs
  A freezing wraith (Abyss:2)
  9 komodo dragons
  An ancient zyme (Abyss:2)
  2 polar bears (Lair:6)
  2 trolls (D:9)
  A slime creature (Lair:6)
  A raiju (Abyss:2)
  6 dream sheep (Lair:5)
  4 hornets
  4 blink frogs (Lair:5)
  4 hippogriffs
  12 spriggans (Lair:4)
  A vampire (D:11)
  2 humans (D:11)
  A large abomination (Abyss:2)
  Sigmund (D:4)
  Eustachio (D:6)
  40 yaks
  A wyvern (D:11)
  2 basilisks
  A steam dragon (D:10)
  4 wargs
  9 porcupines
  15 water moccasins
  4 slaves (D:4)
  10 orc warriors
  2 ice beasts
  2 black bears
  A phantom (D:10)
  8 ogres
  A necrophage (D:11)
  3 boggarts (Lair:4)
  11 wolves
  The ghost of chickenpie the Skirmisher, an amateur DsAK of Lugonu (D:3)
  5 centaurs
  21 crocodiles
  2 big kobolds (D:9)
  20 bullfrogs
  A water moccasin skeleton (D:11)
  11 scorpions
  3 killer bees (D:9)
  A small abomination (Abyss:2)
  5 wights (D:11)
  5 electric eels
  2 howler monkeys
  A centaur zombie (D:6)
  8 crimson imps
  2 quasits
  A bullfrog zombie (D:5)
  3 centaur skeletons
  2 bullfrog skeletons
  4 hounds
  3 jellies
  12 orc priests
  Crazy Yiuf (D:2)
  Jessica (D:3)
  7 iguanas
  20 orc wizards
  12 worker ants
  A hound zombie (D:9)
  A worker ant zombie (D:10)
  A howler monkey skeleton (D:9)
  10 adders
  3 shadow imps
  A white imp (Abyss:2)
  2 oozes
  2 adder skeletons
  5 worms
  A dart slug (D:1)
  2 leopard geckos
  54 orcs
  2 ball pythons
  6 giant cockroaches
  5 goblins
  7 hobgoblins
  10 jackals
  17 kobolds
  A quokka (D:3)
  A ball python zombie (D:6)
  10 bats
  4 frilled lizards
  2 leopard gecko skeletons
  A quokka zombie (D:9)
  13 rats
  A bush (Lair:6)
  12 fungi
  A lurking horror (Abyss:2)
  13 plants
570 creatures vanquished.

Vanquished Creatures (collateral kills)
  6 hydras
  A black mamba (Lair:4)
  A spiny frog (Lair:4)
8 creatures vanquished.

Vanquished Creatures (others)
  A bush (Lair:6)
  12 fungi
  14 plants
27 creatures vanquished.

Grand Total: 605 creatures vanquished

Notes
Turn   | Place    | Note
-------+----------+-------------------------------------------
     0 | D:1      | JiminyMac the Minotaur Berserker began the quest for the Orb.
     0 | D:1      | Reached XP level 1. HP: 19/19 MP: 0/0
   249 | D:1      | Reached skill level 4 in Axes
   277 | D:1      | Reached XP level 2. HP: 27/27 MP: 1/1
  1023 | D:2      | Reached XP level 3. HP: 33/33 MP: 2/2
  1036 | D:2      | Upgraded the game from 0.20-a0-1101-g1de9d76 to 0.20-a0-1108-g6ae5986
  1128 | D:2      | Reached ** piety under Trog
  1530 | D:2      | Found a runed door.
  1577 | D:2      | Reached XP level 4. HP: 41/41 MP: 3/3
  1744 | D:2      | Noticed Crazy Yiuf
  1752 | D:2      | Killed Crazy Yiuf
  1752 | D:2      | Reached skill level 5 in Axes
  2073 | D:3      | Found a bloodstained altar of Trog.
  2111 | D:3      | Noticed chickenpie's ghost (amateur DsAK)
  2121 | D:3      | Killed chickenpie's ghost
  2121 | D:3      | Reached skill level 5 in Fighting
  2121 | D:3      | Reached XP level 5. HP: 41/48 MP: 4/4
  2238 | D:3      | Noticed Jessica
  2243 | D:3      | Killed Jessica
  2243 | D:3      | Reached skill level 6 in Axes
  2303 | D:3      | Reached XP level 6. HP: 45/56 MP: 5/5
  2304 | D:3      | Reached *** piety under Trog
  2847 | D:4      | Noticed a slave
  2847 | D:4      | Noticed a slave
  2848 | D:4      | Noticed a slave
  2848 | D:4      | Noticed Pikel
  2848 | D:4      | Noticed a slave
  2852 | D:4      | Killed a slave
  2855 | D:4      | Killed a slave
  2858 | D:4      | Killed a slave
  2861 | D:4      | Killed a slave
  2865 | D:4      | Killed Pikel
  2865 | D:4      | Reached skill level 8 in Axes
  2865 | D:4      | Reached XP level 7. HP: 64/64 MP: 6/6
  3225 | D:4      | Noticed Sigmund
  3230 | D:4      | Killed Sigmund
  3230 | D:4      | Reached skill level 9 in Axes
  3352 | D:4      | Reached XP level 8. HP: 51/73 MP: 7/7
  3538 | D:4      | Found a staircase to the Ecumenical Temple.
  3881 | D:5      | Entered Level 5 of the Dungeon
  3989 | D:5      | Found an iron altar of Okawaru.
  3989 | D:5      | Found a faded altar of an unknown god.
  3996 | D:5      | Found a hazy altar of Hepliaklqana.
  3999 | D:5      | Found a faded altar of an unknown god.
  4001 | D:5      | Found a white marble altar of Elyvilon.
  4275 | D:5      | Reached skill level 10 in Axes
  4989 | D:6      | Noticed a two-headed ogre
  5002 | D:6      | Killed a two-headed ogre
  5002 | D:6      | Reached skill level 11 in Axes
  5002 | D:6      | Reached XP level 9. HP: 39/82 MP: 8/8
  5389 | D:6      | Noticed Eustachio
  5399 | D:6      | Killed Eustachio
  5399 | D:6      | Reached **** piety under Trog
  5451 | D:6      | Reached skill level 12 in Axes
  6751 | D:7      | Found a blossoming altar of Fedhas.
  6751 | D:7      | Found a deep blue altar of Sif Muna.
  7017 | D:7      | Reached skill level 13 in Axes
  7490 | D:8      | Reached skill level 10 in Fighting
  7811 | D:8      | Found Monnool's Jewellery Shop.
  7832 | D:8      | Reached XP level 10. HP: 93/93 MP: 9/9
  8101 | D:8      | Found a shattered altar of Ashenzari.
  8279 | D:9      | Reached skill level 14 in Axes
  8523 | D:9      | Noticed a two-headed ogre
  8540 | D:9      | Reached ***** piety under Trog
  8566 | D:9      | Killed a two-headed ogre
  8612 | D:9      | Noticed Ryco's ghost (novice MiFi)
  8617 | D:9      | Killed Ryco's ghost
  8619 | D:9      | Found a staircase to the Lair.
  8622 | D:9      | Reached skill level 15 in Axes
  9472 | D:10     | Entered Level 10 of the Dungeon
  9486 | D:9      | Reached XP level 11. HP: 91/104 MP: 10/10
  9731 | D:9      | Received a gift from Trog
  9867 | D:10     | Found a shattered altar of Ashenzari.
  9872 | D:10     | Noticed a brown ugly thing
  9880 | D:10     | Killed a brown ugly thing
  9880 | D:10     | Reached skill level 16 in Axes
 10500 | D:10     | Found a deep blue altar of Sif Muna.
 10613 | D:10     | Found Xaickant's General Store.
 10955 | D:10     | Found a portal to a secret trove of treasure.
 11482 | D:11     | Found an iron altar of Okawaru.
 11508 | D:11     | Noticed an orc knight
 11508 | D:11     | Noticed an orc knight
 11510 | D:11     | Noticed Psyche
 11532 | D:11     | Found a staircase to the Orcish Mines.
 11532 | D:11     | Found Paotalif's Weapon Emporium.
 11565 | D:11     | Killed an orc knight
 11876 | D:11     | Killed an orc knight
 12008 | D:11     | Reached skill level 17 in Axes
 12302 | D:11     | Found Nufug's Assorted Antiques.
 12339 | D:11     | Received a gift from Trog
 12517 | Lair:1   | Entered Level 1 of the Lair of Beasts
 13534 | Lair:1   | Reached skill level 5 in Armour
 14156 | Lair:2   | Reached XP level 12. HP: 115/115 MP: 3/11
 14332 | Lair:2   | Noticed Harold
 14342 | Lair:2   | Killed Harold
 14873 | Lair:2   | Reached skill level 18 in Axes
 14934 | Lair:2   | Found a staircase to the Shoals.
 15526 | Lair:3   | Noticed enarc13's ghost (journeyman FeCj)
 15554 | Lair:3   | Killed enarc13's ghost
 15945 | Lair:3   | Noticed a catoblepas
 15956 | Lair:3   | Killed a catoblepas
 16135 | Lair:3   | Found a hole to the Spider Nest.
 16154 | Lair:3   | Reached ****** piety under Trog
 17032 | Lair:4   | Noticed a seven-headed hydra
 17040 | Lair:4   | Killed a seven-headed hydra
 17550 | Lair:4   | Found a stormy altar of Qazlal.
 17760 | Lair:4   | Reached skill level 19 in Axes
 17765 | Lair:4   | Reached XP level 13. HP: 79/125 MP: 4/12
 18586 | Lair:4   | Reached skill level 10 in Armour
 19364 | Lair:5   | Reached skill level 15 in Fighting
 20252 | Lair:5   | Received a gift from Trog
 20686 | Lair:6   | Entered Level 6 of the Lair of Beasts
 21267 | Lair:6   | Reached XP level 14. HP: 135/135 MP: 4/13
 21694 | Lair:6   | Got a warped chain mail
 21705 | Lair:6   | Identified the +6 chain mail of the Hidden Vale {rCorr Dex+2 Slay-6 SInv} (You found it on level 6 of the Lair of Beasts)
 23027 | Lair:4   | Reached skill level 20 in Axes
 23198 | Orc:1    | Entered Level 1 of the Orcish Mines
 23352 | Orc:1    | Found a roughly hewn altar of Beogh.
 23354 | Orc:1    | Paralysed by an orc sorcerer for 3 turns
 23372 | Orc:1    | Noticed an orc warlord
 23394 | D:11     | Killed an orc warlord
 23423 | D:11     | Cast into level 2 of the Abyss (Psyche)
 23472 | Abyss:2  | Got a heavily runed large shield
 23478 | Abyss:2  | Identified the +3 large shield of Zesap {MR- Regen+ Int+2} (You found it on level 2 of the Abyss)
 23569 | Abyss:2  | Noticed a bone dragon
 23582 | Abyss:2  | Killed a bone dragon
 23709 | Abyss:2  | HP: 4/207 [raiju/living lightning (15)]
 23717 | Abyss:2  | Slain by a rakshasa

Vault maps used:
D:1:      nicolae_arrival_somewhat_less_tricky_arrival, grunt_decor_mini_mirrors
D:2:      uniq_crazy_yiuf_cottage
D:3:      bloody_trog, uniq_jessica
D:4:      minmay_temple_entry_glassed_door, minmay_misc_feat_hallway,
          minivault_27, uniq_sigmund, uniq_pikel
D:5:      chequers_temple_overflow_minitemple, first_bread
D:6:      kennysheep_boxes, uniq_eustachio
D:7:      amethyst_overflow_temple_binary, serial_park_tiny_pond, minivault_22,
          grunt_ogre_cave
D:8:      kennysheep_mini_moat, serial_shops, shop
D:9:      erik_lair_orcish_takeover
D:10:     kennysheep_orc_sif_temple, nicolae_trove_entry_crossroad,
          serial_shops, nicolae_shop_window_shopping, ashenzari_altar_1
D:11:     orc_david_3, serial_shops, kennysheep_little_box, okawaru_humans,
          uniq_psyche
Lair:1:   minivault_26, lemuel_fruit_fields, infiniplex_staircase_pool_2
Lair:2:   elwin_shoals_entry_rooms, uniq_harold
Lair:3:   nicolae_spider_entry_non_spiders, lemuel_fruit_tree,
          minmay_lair_oklob_chamber, serial_bayou_shore_a
Lair:4:   kb_forest_paths, lemuel_oklob_altar
Lair:5:   grunt_megastairs_3, infiniplex_staircase_pool
Lair:6:   grunt_lair_end_beastmaster, minmay_slime_entry_oklob_open, st_stairs_9
Orc:1:    basic_altar, mines3_lemuel
Abyss:2:  hangedman_abyss_or_decor_slice

Skill      XL: |  1  2  3  4  5  6  7  8  9 10 11 12 13 14 |
---------------+-------------------------------------------+-----
Axes           | 4 5 6 8 9 11 13 15 17 19 20 | 20.0
Fighting       | 4 5 6 7 8 10 11 13 14 15 16 | 16.4
Armour         | 3 4 5 8 12 14 | 14.4
Dodging        | |  2.1

Action                   |  1- 3 |  4- 6 |  7- 9 | 10-12 | 13-15 || total
-------------------------+-------+-------+-------+-------+-------++-------
Melee: Hand axe          |    95 |    16 |       |       |       ||   111
       Headbutt          |    16 |    15 |    40 |   110 |   100 ||   281
       War axe           |       |    63 |   206 |   109 |       ||   378
       Broad axe         |       |       |       |   407 |   369 ||   776
Invok: Berserk           |     1 |     4 |     7 |    11 |    11 ||    34
       Brothers in Arms  |       |       |       |     1 |     6 ||     7
       Burn Spellbooks   |       |       |       |     1 |       ||     1
       Trog's Hand       |       |       |       |       |     2 ||     2
  Use: Scroll            |     3 |       |     3 |    19 |     4 ||    29
       Potion            |       |       |       |     4 |     7 ||    11
  Eat: Chunk             |     3 |     6 |    18 |    28 |    12 ||    67
       Bread ration      |       |       |     1 |     3 |     3 ||     7
       Fruit             |       |       |       |       |     7 ||     7
       Meat ration       |       |       |       |       |     1 ||     1
Armor: Ring mail         |    46 |    43 |    31 |       |       ||   120
       Animal skin       |     1 |       |       |       |       ||     1
       Scale mail        |       |       |    64 |   121 |       ||   185
       Plate armour      |       |       |       |    95 |   195 ||   290
Dodge: Dodged            |    46 |    32 |    57 |   142 |   111 ||   388
Block: Large shield      |       |       |       |       |     2 ||     2
